 Dungeon Crawl Stone Soup version 0.22.1-2-g9c5b331 (webtiles) character file.

1348 spiff the Ruffian (level 8, 0/80 HPs)
             Began as a Troll Warper on Nov 22, 2018.
             Was an Initiate of Cheibriados.
             Killed by divine providence
             ... invoked by an orc priest
              (16 damage)
             ... on level 6 of the Dungeon.
             The game lasted 00:10:01 (3964 turns).

spiff the Ruffian (Troll Warper)                    Turns: 3964, Time: 00:10:01

Health: 0/80       AC:  7    Str: 21    XL:     8   Next: 36%
Magic:  8/8        EV: 15    Int: 15    God:    Cheibriados [......]
Gold:   265        SH:  0    Dex: 15    Spells: 7/9 levels left

rFire    . . .     SeeInvis .     - Unarmed
rCold    . . .     Gourm    +   (no shield)
rNeg     . . .     Faith    .   a - +1 robe
rPois    .         Spirit   .   (helmet restricted)
rElec    .         Reflect  .   y - +0 cloak (curse)
rCorr    .         Harm     .   (gloves unavailable)
MR       .....                  (boots unavailable)
Stlth    ++........             x - amulet of regeneration
HPRegen  1.03/turn              v - +3 ring of intelligence
MPRegen  0.11/turn              q - ring of flight

@: confused, agile, very slow
A: large, unfitting armour, claws 3, fast metabolism 3, gourmand, regeneration
1, shaggy fur 1, tough skin 2
a: Bend Time, Renounce Religion, Evoke Flight


You were on level 6 of the Dungeon.
You worshipped Cheibriados.
Cheibriados was noncommittal.
You were very full.

You visited 2 branches of the dungeon, and saw 7 of its levels.

You collected 265 gold pieces.

Inventory:

Missiles
 d - 4 tomahawks of dispersal (quivered)
 k - a throwing net
Armour
 a - a +1 robe (worn)
 w - a scarf of spirit shield
 y - a cursed +0 cloak (worn)
Jewellery
 q - a ring of flight (right claw)
 v - a +3 ring of intelligence (left claw)
 x - an amulet of regeneration (around neck)
 A - a cursed amulet of inaccuracy {unknown}
Scrolls
 b - 4 scrolls of remove curse
 c - a scroll of blinking
 g - 2 scrolls of teleportation
 l - 3 scrolls of enchant weapon
 m - a scroll of immolation
 o - 2 scrolls of enchant armour
 r - a scroll of magic mapping
 B - a scroll of identify
Potions
 e - 2 potions of curing
 h - a potion of heal wounds {unknown}
 i - a potion of haste {unknown}
 j - a potion of berserk rage {unknown}
 n - 4 potions of degeneration
 p - a potion of invisibility {unknown}
 s - a potion of brilliance {unknown}
 t - 2 potions of agility
 u - 2 potions of ambrosia
 z - a potion of resistance {unknown}
Comestibles
 f - 18 rations


   Skills:
 + Level 5.2 Fighting
 - Level 0.8 Throwing
 - Level 1.9 Dodging
 + Level 6.2 Unarmed Combat
 - Level 1.2 Spellcasting
 + Level 4.9 Translocations


You had 7 spell levels left.
You knew the following spells:

 Your Spells              Type           Power        Failure   Level  Hunger
a - Blink                 Tloc           N/A          4%          2    ###....

Your spell library contained the following spells:

 Spells                   Type           Power        Failure   Level  Hunger
 Gell's Gravitas          Tloc           ###.......   10%         3    ####...
 Lesser Beckoning         Tloc           ###.......   10%         3    ####...
 Teleport Other           Tloc           ###.....     10%         3    ####...
 Shroud of Golubria       Chrm/Tloc      #.........   13%         2    ###....
 Passage of Golubria      Tloc           N/A          32%         4    #####..


Dungeon Overview and Level Annotations

Branches:
Dungeon (6/15)             Temple (1/1) D:4

Altars:
Ashenzari
Cheibriados
Dithmenos
Elyvilon
Fedhas
Gozag
Hepliaklqana
Kikubaaqudgha
Makhleb
Nemelex Xobeh
Okawaru
Qazlal
Ru
Sif Muna
Trog
Uskayaw
Vehumet
Wu Jian
Xom
Yredelemnul
Zin
The Shining One


Innate Abilities, Weirdness & Mutations

You are too large for most types of armour.
You have claws for hands.
Your metabolism is lightning-fast.
You like to eat raw meat.
Your natural rate of healing is unusually fast.
You are covered in fur. (AC +1)
You have very tough skin. (AC +2)


Message History

There is an open door here.
The orc warrior hits you from afar with a halberd.
The orc warrior hits you from afar with a halberd.
The orc warrior hits you from afar with a halberd.
The orc priest looks braver for a moment.
There is an open door here.
It was a potion of ambrosia.
You are confused.
You feel invigorated.
The orc priest calls down the wrath of Beogh upon you.
Beogh smites you!
The orc warrior hits you from afar with a halberd! x2
* * * LOW HITPOINT WARNING * * *
You're too confused!
You're too confused!
It was a potion of agility.
You feel agile all of a sudden.
The orc priest calls down the wrath of Beogh upon you.
Beogh smites you!
You die...

#.####.....#######..# #.
#####.......#..###### .
#.......#.......#
#.......#.......#
#..o....#.......#
###########.......#.<.....#
.............#o####......##
........(....#...###'#####
.............#..@#.......#
.............#...#.......#
.............#...#.......#
.............#...#.......#
.....).......#############
##############


You could see an orc warrior and an orc priest.

Vanquished Creatures
  A sky beast (D:4)
  4 ogres
  A centaur (D:4)
  A howler monkey (D:5)
  6 crimson imps
  A hound (D:4)
  2 orc priests
  3 orc wizards
  2 jellies
  A centaur skeleton (D:5)
  An iguana (D:5)
  2 worker ants
  A killer bee zombie (D:6)
  9 adders
  4 gnolls (D:2)
  An ooze (D:2)
  An adder zombie (D:5)
  5 worms
  A dart slug (D:2)
  4 leopard geckos
  21 orcs
  A bat (D:1)
  3 giant cockroaches
  4 goblins
  5 hobgoblins
  3 jackals (D:2)
  3 quokkas
  A ball python (D:2)
  4 frilled lizards
  A giant cockroach zombie (D:5)
  A jackal zombie (D:5)
  6 kobolds
  3 rats
107 creatures vanquished.

Notes
Turn   | Place    | Note
-------+----------+-------------------------------------------
     0 | D:1      | spiff the Troll Warper began the quest for the Orb.
     0 | D:1      | Reached XP level 1. HP: 19/19 MP: 1/1
   327 | D:1      | Reached XP level 2. HP: 28/28 MP: 2/2
   571 | D:1      | Learned a level 2 spell: Blink
   854 | D:2      | Reached XP level 3. HP: 33/35 MP: 3/3
   937 | D:2      | Found an ornate altar of the Wu Jian Council.
  1008 | D:2      | Reached skill level 3 in Unarmed Combat
  1021 | D:2      | Reached XP level 4. HP: 27/44 MP: 4/4
  1576 | D:3      | Reached XP level 5. HP: 47/52 MP: 5/5
  1609 | D:3      | Noticed an ogre
  1809 | D:3      | Found a shadowy altar of Dithmenos.
  2099 | D:3      | Killed an ogre
  2099 | D:3      | Reached skill level 4 in Unarmed Combat
  2099 | D:3      | Reached XP level 6. HP: 61/61 MP: 6/6
  2241 | D:4      | Found a shattered altar of Ashenzari.
  2243 | D:4      | Found a blossoming altar of Fedhas.
  2306 | D:4      | Found a shimmering altar of Xom.
  2319 | D:4      | Found a staircase to the Ecumenical Temple.
  2402 | Temple   | Entered the Ecumenical Temple
  2592 | D:4      | Noticed a sky beast
  2617 | D:4      | Killed a sky beast
  2617 | D:4      | Reached XP level 7. HP: 32/68 MP: 7/7
  2729 | D:4      | Reached skill level 5 in Unarmed Combat
  2993 | D:5      | Entered Level 5 of the Dungeon
  3184 | D:5      | Found a basalt altar of Yredelemnul.
  3239 | D:5      | Found a white marble altar of Elyvilon.
  3341 | D:5      | Reached XP level 8. HP: 66/79 MP: 8/8
  3474 | D:5      | Found a snail-covered altar of Cheibriados.
  3503 | D:5      | Became a worshipper of Cheibriados the Contemplative
  3538 | D:5      | Reached skill level 6 in Unarmed Combat
  3548 | D:5      | Reached skill level 5 in Fighting
  3964 | D:6      | Killed from afar by an orc priest

Skill      XL: |  1  2  3  4  5  6  7  8 |
---------------+-------------------------+-----
Fighting       | 2 3 4 5 |  5.2
Unarmed Combat | 3 4 5 6 |  6.2
Translocations | 3 4 |  4.9
Throwing       | |  0.8
Dodging        | |  1.9
Spellcasting   | |  1.2

Action                   |  1- 3 |  4- 6 |  7- 9 || total
-------------------------+-------+-------+-------++-------
Melee: Unarmed           |    68 |   151 |   116 ||   335
       Punch             |       |     1 |     4 ||     5
Throw: Tomahawk          |       |       |     1 ||     1
  Use: Scroll            |       |     9 |       ||     9
       Potion            |       |       |     2 ||     2
  Eat: Chunk             |     8 |    21 |    12 ||    41
Armor: Robe              |    25 |    40 |    38 ||   103
Dodge: Dodged            |    37 |    75 |    55 ||   167
